AA
CLEBURNE RAILROADERS @ TUCSON CHAMELEONS
07/28/2098
 
TOP OF THE 1ST
Medford Alouettes batting - Pitching for Sioux City Explorers : RHP Max Graham
Pitching: RHP Max Graham
Batting: LHB Eddy Camarillo 0-0: Swinging Strike
0-1: Called Strike
0-2: Strikes out swinging
Batting: RHB Paul Holmes 0-0: Ground out 6-3 (Groundball, 6MD, EV 99.4 MPH)
Batting: SHB Marco Balderas 0-0: Called Strike
0-1: Foul Ball, location: 25FF
0-2: Foul Ball, location: 7LMF
0-2: Ball
1-2: Ball
2-2: Strikes out swinging
Top of the 1st over - 0 runs, 0 hits, 0 errors, 0 left on base; Medford 0 - Sioux City 0
BOTTOM OF THE 1ST
Sioux City Explorers batting - Pitching for Medford Alouettes : RHP Mario Moreno
Pitching: RHP Mario Moreno
Batting: SHB Willie Vizcarra 0-0: Foul Ball, location: 2RF
0-1: Ball
1-1: Ball
2-1: Ball
3-1: Base on Balls
Batting: RHB Matt Moreno 0-0: Ball
1-0: Bunted foul
1-1: Sac Bunt to 23 - play at first, batter OUT! 3-4
Willie Vizcarra to second
Batting: LHB Terry Richardson 0-0: Fly out, F7 (Flyball, 7, EV 85.6 MPH)
Batting: LHB Mike Peirce 0-0: Called Strike
0-1: Ball
1-1: SINGLE (Flyball, 78S, EV 93.8 MPH)
Willie Vizcarra to third
Runner from 3rd tries for Home, SAFE, throw by LF to home
Batting: RHB Wendell Dhu 0-0: Fly out, F8 (Flyball, 89M, EV 99.4 MPH)
Bottom of the 1st over - 1 run, 1 hit, 0 errors, 1 left on base; Medford 0 - Sioux City 1
TOP OF THE 2ND
Medford Alouettes batting - Pitching for Sioux City Explorers : RHP Max Graham
Batting: LHB Josh Sarchet 0-0: Ball
1-0: Foul Ball, location: 7LMF
1-1: Swinging Strike
1-2: Strikes out swinging
Batting: RHB Brian Steil 0-0: Ball
1-0: Called Strike
1-1: Called Strike
1-2: Foul Ball, location: 2F
1-2: Foul Ball, location: 3F
1-2: Foul Ball, location: 9LSF
1-2: Ball
2-2: Fly out, F9 (Line Drive, 9S, EV 91.9 MPH)
Batting: RHB Rich Lantz 0-0: Ball
1-0: Called Strike
1-1: Ball
2-1: Ball
3-1: Base on Balls
Batting: RHB Mark Weisinger 0-0: Swinging Strike
0-1: Ball
1-1: Foul Ball, location: 5FF
1-2: Ball
2-2: Ball
3-2: Foul Ball, location: 2F
3-2: Strikes out swinging
Top of the 2nd over - 0 runs, 0 hits, 0 errors, 1 left on base; Medford 0 - Sioux City 1
BOTTOM OF THE 2ND
Sioux City Explorers batting - Pitching for Medford Alouettes : RHP Mario Moreno
Batting: LHB Felipe Ruiz 0-0: Ball
1-0: Called Strike
1-1: Ball
2-1: Fly out, F8 (Line Drive, 89D, EV 104.4 MPH)
Batting: RHB Lee McNutt 0-0: Called Strike
0-1: Fly out, F7 (Flyball, 78S, EV 85.6 MPH)
Batting: RHB Mark Lockhart 0-0: Ball
1-0: SINGLE (Line Drive, 89S, EV 103.8 MPH)
Batting: RHB Masayoshi Kubo 0-0: Called Strike
0-1: Fly out, F8 (Line Drive, 8LD, EV 110.0 MPH)
Bottom of the 2nd over - 0 runs, 1 hit, 0 errors, 1 left on base; Medford 0 - Sioux City 1
TOP OF THE 3RD
Medford Alouettes batting - Pitching for Sioux City Explorers : RHP Max Graham
Batting: RHB Keith Adair 0-0: Called Strike
0-1: Ground out 6-3 (Groundball, 56, EV 88.1 MPH)
Batting: RHB Benito Ovalle 0-0: Ball
1-0: Foul Ball, location: 5F
1-1: Fly out, F8 (Flyball, 8LD, EV 95.6 MPH)
Batting: LHB Eddy Camarillo 0-0: Foul Ball, location: 2F
0-1: Swinging Strike
0-2: Ground out 4-3 (Groundball, 4, EV 93.8 MPH)
Top of the 3rd over - 0 runs, 0 hits, 0 errors, 0 left on base; Medford 0 - Sioux City 1
BOTTOM OF THE 3RD
Sioux City Explorers batting - Pitching for Medford Alouettes : RHP Mario Moreno
Batting: SHB Willie Vizcarra 0-0: Ground out 4-3 (Groundball, 4, EV 82.5 MPH)
Batting: RHB Matt Moreno 0-0: SINGLE (Line Drive, 6MD, EV 110.0 MPH)
Batting: LHB Terry Richardson 0-0: Hit by Pitch
Matt Moreno to second
Batting: LHB Mike Peirce 0-0: Ball
1-0: Ball
2-0: Ball
3-0: Called Strike
3-1: Foul Ball, location: 2F
3-2: Ground out 5-3 (Groundball, 5L, EV 102.5 MPH)
Matt Moreno to third
Terry Richardson to second
Batting: RHB Wendell Dhu 0-0: Called Strike
0-1: Called Strike
0-2: Ball
1-2: Ball
2-2: Strikes out swinging
Bottom of the 3rd over - 0 runs, 1 hit, 0 errors, 2 left on base; Medford 0 - Sioux City 1
TOP OF THE 4TH
Medford Alouettes batting - Pitching for Sioux City Explorers : RHP Max Graham
Batting: RHB Paul Holmes 0-0: Ball
1-0: Ball
2-0: Ground out U3 (Groundball, 34, EV 108.8 MPH)
Batting: SHB Marco Balderas 0-0: Ball
1-0: Called Strike
1-1: Ball
2-1: Ball
3-1: Swinging Strike
3-2: Strikes out swinging
Batting: LHB Josh Sarchet 0-0: Ball
1-0: Called Strike
1-1: Fly out, F8 (Flyball, 8RM, EV 82.5 MPH)
Top of the 4th over - 0 runs, 0 hits, 0 errors, 0 left on base; Medford 0 - Sioux City 1
BOTTOM OF THE 4TH
Sioux City Explorers batting - Pitching for Medford Alouettes : RHP Mario Moreno
Batting: LHB Felipe Ruiz 0-0: Ball
1-0: Called Strike
1-1: Ball
2-1: Swinging Strike
2-2: Strikes out swinging
Batting: RHB Lee McNutt 0-0: Ball
1-0: Foul Ball, location: 2F
1-1: Foul Ball, location: 2F
1-2: Ball
2-2: SINGLE (Line Drive, 78M, EV 96.3 MPH)
Batting: RHB Mark Lockhart 0-0: Grounds into double play, 6-4-3 (Groundball, 6, EV 85.0 MPH)
Bottom of the 4th over - 0 runs, 1 hit, 0 errors, 0 left on base; Medford 0 - Sioux City 1
TOP OF THE 5TH
Medford Alouettes batting - Pitching for Sioux City Explorers : RHP Max Graham
Batting: RHB Brian Steil 0-0: Ball
1-0: Ground out 6-3 (Groundball, 6, EV 88.8 MPH)
Batting: RHB Rich Lantz 0-0: Ball
1-0: Ball
2-0: Ball
3-0: Base on Balls
Batting: RHB Mark Weisinger 0-0: Called Strike
0-1: Ball
1-1: Ball
2-1: Called Strike
2-2: Ball
3-2: Fly out, F9 (Line Drive, 9LM, EV 90.0 MPH)
Batting: RHB Keith Adair 0-0: Ball
1-0: Called Strike
1-1: Ball
2-1: Ball
3-1: Called Strike
3-2: Foul Ball, location: 9LDF
3-2: Fly out, F7 (Flyball, 7, EV 83.8 MPH)
Top of the 5th over - 0 runs, 0 hits, 0 errors, 1 left on base; Medford 0 - Sioux City 1
BOTTOM OF THE 5TH
Sioux City Explorers batting - Pitching for Medford Alouettes : RHP Mario Moreno
Batting: RHB Masayoshi Kubo 0-0: Foul Ball, location: 2F
0-1: Ball
1-1: Called Strike
1-2: Ball
2-2: Ball
3-2: Fly out, F8 (Flyball, 8RXD, EV 101.9 MPH)
Batting: SHB Willie Vizcarra 0-0: Fly out, F5 (Popup, 5, EV 66.9 MPH)
Batting: RHB Matt Moreno 0-0: Ball
1-0: Ball
2-0: Fly out, F8 (Line Drive, 8RM, EV 91.3 MPH)
Bottom of the 5th over - 0 runs, 0 hits, 0 errors, 0 left on base; Medford 0 - Sioux City 1
TOP OF THE 6TH
Medford Alouettes batting - Pitching for Sioux City Explorers : RHP Max Graham
Batting: RHB Benito Ovalle 0-0: Called Strike
0-1: Foul Ball, location: 9LMF
0-2: Foul Ball, location: 2F
0-2: Ball
1-2: Ball
2-2: Strikes out swinging
Batting: LHB Eddy Camarillo 0-0: Foul Ball, location: 2F
0-1: Swinging Strike
0-2: Ball
1-2: Ball
2-2: Foul Ball, location: 7LSF
2-2: Foul Ball, location: 2F
2-2: Strikes out looking
Batting: RHB Paul Holmes 0-0: Called Strike
0-1: Ball
1-1: Ball
2-1: Foul Ball, location: 5F
2-2: Ball
3-2: Base on Balls
Pitching: RHP Juan Contreras
Batting: SHB Marco Balderas 0-0: Swinging Strike
0-1: Ball
1-1: Fly out, F7 (Flyball, 7LS, EV 87.5 MPH)
Top of the 6th over - 0 runs, 0 hits, 0 errors, 1 left on base; Medford 0 - Sioux City 1
BOTTOM OF THE 6TH
Sioux City Explorers batting - Pitching for Medford Alouettes : RHP Mario Moreno
Batting: LHB Terry Richardson 0-0: Called Strike
0-1: Fly out, F8 (Flyball, 8LS, EV 93.8 MPH)
Batting: LHB Mike Peirce 0-0: Called Strike
0-1: Foul Ball, location: 2F
0-2: Ball
1-2: Foul Ball, location: 5SF
1-2: Foul Ball, location: 5F
1-2: Foul Ball, location: 9LMF
1-2: SOLO HOME RUN (Flyball, 7D, EV 93.1 MPH), Distance : 361 ft
Batting: RHB Wendell Dhu 0-0: Called Strike
0-1: Fly out, F9 (Flyball, 89M, EV 87.5 MPH)
Batting: LHB Felipe Ruiz 0-0: Ball
1-0: Foul Ball, location: 7LDF
1-1: Fly out, F9 (Flyball, 9, EV 83.8 MPH)
Bottom of the 6th over - 1 run, 1 hit, 0 errors, 0 left on base; Medford 0 - Sioux City 2
TOP OF THE 7TH
Medford Alouettes batting - Pitching for Sioux City Explorers : RHP Juan Contreras
Now at 1B: Adrian Tableriou
Batting: LHB Josh Sarchet 0-0: Ball
1-0: Ball
2-0: Foul Ball, location: 7LMF
2-1: Swinging Strike
2-2: Fly out, F9 (Line Drive, 89M, EV 89.4 MPH)
Batting: RHB Brian Steil 0-0: Foul Ball, location: 5FF
0-1: Ball
1-1: Foul Ball, location: 2F
1-2: Ball
2-2: SOLO HOME RUN (Flyball, 8RXD, EV 103.8 MPH), Distance : 423 ft
Batting: RHB Rich Lantz 0-0: Ball
1-0: Called Strike
1-1: Foul Ball, location: 3FF
1-2: SINGLE (Line Drive, 89S, EV 105.0 MPH)
Batting: RHB Mark Weisinger 0-0: Swinging Strike
0-1: Foul Ball, location: 2F
0-2: Ball
1-2: Fielders Choice at 2nd, 6-4 (Groundball, 6S, EV 85.0 MPH)
Batting: RHB Keith Adair 0-0: Ground out 4-3 (Groundball, 4D, EV 76.3 MPH)
Top of the 7th over - 1 run, 2 hits, 0 errors, 1 left on base; Medford 1 - Sioux City 2
BOTTOM OF THE 7TH
Sioux City Explorers batting - Pitching for Medford Alouettes : RHP Mario Moreno
Batting: RHB Lee McNutt 0-0: Ball
1-0: Called Strike
1-1: Swinging Strike
1-2: Strikes out swinging
Batting: RHB Mark Lockhart 0-0: Called Strike
0-1: SINGLE (Flyball, 56D, EV 96.9 MPH)
Batting: RHB Masayoshi Kubo 0-0: Foul Ball, location: 2F
0-1: SINGLE (Line Drive, 89S, EV 98.1 MPH)
Mark Lockhart to second
Pinch Runner at 2nd Mike Fazio:
Batting: SHB Willie Vizcarra 0-0: Called Strike
0-1: Swinging Strike
0-2: Ball
1-2: SINGLE (Groundball, 56S, EV 62.5 MPH) (infield hit)
Mike Fazio to third
Masayoshi Kubo to second
Batting: RHB Matt Moreno 0-0: Called Strike
0-1: Grounds into double play, 3-2-3 (Groundball, 34S, EV 81.9 MPH)
Bottom of the 7th over - 0 runs, 3 hits, 0 errors, 2 left on base; Medford 1 - Sioux City 2
TOP OF THE 8TH
Medford Alouettes batting - Pitching for Sioux City Explorers : RHP Juan Contreras
Now at 2B: Mike Fazio
Batting: RHB Benito Ovalle 0-0: Called Strike
0-1: Fly out, F8 (Flyball, 8RD, EV 100.6 MPH)
Batting: LHB Eddy Camarillo 0-0: Called Strike
0-1: Ground out 1-3 (Groundball, 34S, EV 60.6 MPH)
Batting: RHB Paul Holmes 0-0: Foul Ball, location: 2F
0-1: Called Strike
0-2: Ball
1-2: Fly out, F3 (Line Drive, 3, EV 70.6 MPH)
Top of the 8th over - 0 runs, 0 hits, 0 errors, 0 left on base; Medford 1 - Sioux City 2
BOTTOM OF THE 8TH
Sioux City Explorers batting - Pitching for Medford Alouettes : RHP Mario Moreno
Batting: RHB Adrian Tableriou 0-0: Swinging Strike
0-1: Swinging Strike
0-2: Ball
1-2: Foul Ball, location: 9LMF
1-2: Strikes out looking
Batting: LHB Mike Peirce 0-0: Ball
1-0: Ball
2-0: Called Strike
2-1: Called Strike
2-2: Hit by Pitch
Pitching: LHP William Negron
Batting: RHB Wendell Dhu 0-0: 2-RUN HOME RUN (Flyball, 7D, EV 96.9 MPH), Distance : 363 ft
Batting: LHB Felipe Ruiz 0-0: Foul Ball, location: 7LDF
0-1: Ball
1-1: Swinging Strike
1-2: Foul Ball, location: 5FF
1-2: Foul Ball, location: 2F
1-2: Strikes out swinging
Batting: RHB Lee McNutt 0-0: Called Strike
0-1: Hit by Pitch
Batting: RHB Mike Fazio 0-0: Swinging Strike
0-1: SINGLE (Line Drive, 7LS, EV 90.6 MPH)
Lee McNutt to second
Batting: RHB Masayoshi Kubo 0-0: Foul Ball, location: 9LMF
0-1: Ground out U3 (Groundball, 34S, EV 83.1 MPH)
Bottom of the 8th over - 2 runs, 2 hits, 0 errors, 2 left on base; Medford 1 - Sioux City 4
TOP OF THE 9TH
Medford Alouettes batting - Pitching for Sioux City Explorers : RHP Juan Contreras
Pitching: RHP David Quiroz
Batting: SHB Marco Balderas 0-0: Called Strike
0-1: Ground out 6-3 (Groundball, 6M, EV 82.5 MPH)
Batting: LHB Josh Sarchet 0-0: Ball
1-0: Swinging Strike
1-1: Ball
2-1: Ball
3-1: Called Strike
3-2: Base on Balls
Batting: RHB Brian Steil 0-0: Ball
1-0: Swinging Strike
1-1: Swinging Strike
1-2: Fly out, F8 (Flyball, 89XD, EV 108.8 MPH)
Batting: RHB Rich Lantz 0-0: Called Strike
0-1: Ball
Wild Pitch!
Josh Sarchet to second
1-1: Swinging Strike
1-2: Strikes out swinging
Top of the 9th over - 0 runs, 0 hits, 0 errors, 1 left on base; Medford 1 - Sioux City 4
Thursday, April 11th , 2024 - OOTP Baseball 24.11 Build 85